 Dungeon Crawl Stone Soup version 0.17-a0-1545-gc1bb672 (webtiles) character file.

811 Lathuz the Basher (level 7, -2/57 HPs)
             Began as a Hill Orc Fighter on July 18, 2015.
             Was an Initiate of Beogh.
             Slain by a gnoll
             ... wielding a +0 halberd
              (12 damage)
             ... on level 5 of the Dungeon.
             The game lasted 00:19:26 (5287 turns).

Lathuz the Basher (Hill Orc Fighter)                Turns: 5287, Time: 00:19:26

Health: -2/57      AC:  9    Str: 19    XL:     7   Next: 93%
Magic:  0/7        EV:  7    Int:  8    God:    Beogh [......]
Gold:   186        SH:  9    Dex: 15    Spells: 0 memorised, 6 levels left

rFire  . . .     SeeInvis .     a - +0 flail
rCold  . . .     Clarity  .     b - +0 scale mail
rNeg   . . .     SustAt   .     c - +0 shield
rPois  .         Gourm    .     (no helmet)
rElec  .         Spirit   +     (no cloak)
rCorr  .         Warding  .     l - +0 pair of gloves
rMut   .         Stasis   .     e - +0 pair of boots
MR     .....                    E - amulet of guardian spirit
Stlth  ..........               (no ring)
                                m - +3 ring of dexterity

@: not resistant to hostile enchantments, extremely unstealthy
A: no striking features
a: Renounce Religion


You were on level 5 of the Dungeon.
You worshipped Beogh.
Beogh was noncommittal.
You were hungry.

You visited 1 branch of the dungeon, and saw 5 of its levels.

You collected 186 gold pieces.

Inventory:

Hand weapons
 a - a +0 flail (weapon)
Missiles
 g - 91 stones
 C - 5 tomahawks
 I - a javelin (quivered)
Armour
 b - a +0 scale mail (worn)
 c - a +0 shield (worn)
 e - a +0 pair of boots (worn)
 l - a +0 pair of gloves (worn)
Jewellery
 m - a +3 ring of dexterity (left hand)
 E - an amulet of guardian spirit (around neck)
 L - an uncursed amulet of faith {unknown}
Magical devices
 p - a wand of enslavement (18)
 w - a wand of slowing (26)
 K - a wand of frost (23)
 M - a wand of frost (31)
Scrolls
 h - 5 scrolls of identify {unknown}
 i - a scroll of recharging {unknown}
 j - 2 scrolls of fear {unknown}
 s - 2 scrolls of remove curse {unknown}
 v - 3 scrolls of random uselessness {unknown}
 x - 2 scrolls of amnesia {unknown}
 y - 2 scrolls of teleportation {unknown}
 B - 3 scrolls of enchant weapon {unknown}
 J - a scroll of magic mapping {unknown}
Potions
 d - 2 potions of might
 f - a potion of cancellation {unknown}
 k - a potion of flight {unknown}
 n - a potion of ambrosia {unknown}
 q - a potion of curing {unknown}
 t - a potion of heal wounds {unknown}
 z - a potion of lignification {unknown}
 A - a potion of invisibility {unknown}
 D - a potion of berserk rage {unknown}
Comestibles
 o - a beef jerky
 r - a slice of pizza
 F - 2 meat rations
 G - a royal jelly
 H - 2 bread rations


   Skills:
 - Level 3.6 Fighting
 + Level 9.6 Maces & Flails
 - Level 3.2 Armour
 - Level 3.2 Shields


You had 6 spell levels left.
You didn't know any spells.

Dungeon Overview and Level Annotations

Branches:
Dungeon (5/15)
 Temple: D:4-7

Altars:
Cheibriados
Elyvilon
Fedhas
Kikubaaqudgha
Makhleb
Nemelex Xobeh
Ru
Sif Muna

Shops:
D:5 :


Message History

The ogre hits you with a giant club!
* * * LOW HITPOINT WARNING * * *
A gnoll comes into view.
You are too injured to fight recklessly!
You are too injured to fight recklessly!
You are too injured to fight recklessly!
You sock the ogre!
You kill the ogre!
Beogh accepts your kill.
The gnoll hits you from afar with a halberd!
* * * LOW HITPOINT WARNING * * *
A sky beast comes into view.
You closely miss the sky beast. The sky beast misses you.
You hit the sky beast but do no damage. The gnoll closely misses you.
The sky beast flickers out of sight!
Deactivating autopickup; reactivate with Ctrl-A.
You block its attack.
You miss something.
The gnoll hits you from afar with a halberd!
You die...

################
#######.....ggg.@{...#
........############.#######
#######.# #.........# #.#
#.#.#####.# # #.#### ##.#.#
##.## #
#####....######....####...#####
.................#..............
######.......##....#####...#####
#.#.###.##.#.## ##.......


You could see 3 gnolls.

Vanquished Creatures
  Sigmund (D:2)
  2 ogres
  A giant frog (D:4)
  2 crimson imps
  An orc priest (D:5)
  A hound (D:5)
  A jelly (D:3)
  An orc wizard (D:3)
  An iguana (D:5)
  A hound skeleton (D:5)
  6 adders
  A shadow imp (D:5)
  An adder skeleton (D:5)
  3 worms
  5 giant geckos
  17 orcs
  7 bats
  8 giant cockroaches
  12 goblins
  10 hobgoblins
  15 jackals
  5 quokkas
  A ball python skeleton (D:5)
  4 giant newts
  10 kobolds
  10 rats
127 creatures vanquished.

Vanquished Creatures (others)
  An orc (D:5)
  A rat (D:5)
2 creatures vanquished.

Grand Total: 129 creatures vanquished

Notes
Turn   | Place    | Note
--------------------------------------------------------------
     0 | D:1      | Lathuz the Hill Orc Fighter began the quest for the Orb.
     0 | D:1      | Reached XP level 1. HP: 19/19 MP: 1/1
   188 | D:1      | Reached XP level 2. HP: 26/26 MP: 2/2
   515 | D:1      | Reached XP level 3. HP: 25/31 MP: 3/3
   812 | D:2      | Reached skill level 4 in Maces & Flails
  1076 | D:2      | Found a sacrificial altar of Ru.
  1106 | D:2      | Noticed Sigmund
  1731 | D:3      | Reached XP level 4. HP: 39/39 MP: 4/4
  2116 | D:3      | Reached skill level 5 in Maces & Flails
  2211 | D:2      | Killed Sigmund
  2211 | D:2      | Reached skill level 6 in Maces & Flails
  2211 | D:2      | Reached XP level 5. HP: 16/45 MP: 5/5
  2211 | D:2      | Reached XP level 6. HP: 18/51 MP: 6/6
  2638 | D:3      | Found an ancient bone altar of Kikubaaqudgha.
  2639 | D:3      | Found a blossoming altar of Fedhas.
  2681 | D:3      | Reached skill level 7 in Maces & Flails
  3857 | D:4      | Reached skill level 8 in Maces & Flails
  3857 | D:4      | Reached XP level 7. HP: 57/57 MP: 7/7
  4156 | D:4      | Found a snail-covered altar of Cheibriados.
  4443 | D:5      | Entered Level 5 of the Dungeon
  4519 | D:5      | Found a deep blue altar of Sif Muna.
  4726 | D:5      | Reached skill level 9 in Maces & Flails
  4815 | D:5      | Became a worshipper of Beogh the Brigand
  5081 | D:5      | Found Isi Fyfe's Book Boutique.
  5163 | D:5      | Found a burning altar of Makhleb.
  5166 | D:5      | Found a sacrificial altar of Ru.
  5173 | D:5      | Found a sparkling altar of Nemelex Xobeh.
  5175 | D:5      | Found a white marble altar of Elyvilon.
  5287 | D:5      | Slain by a gnoll

Vault maps used:
D:1:      dpeg_arrival_triangle_fractal, minmay_misc_feat_hallway,
          minmay_statues_item, minmay_misc_feat_doors
D:2:      nicolae_ru_sacrificial_ziggurat, uniq_sigmund
D:3:      grunt_temple_overflow_growth_and_decay
D:4:      cheibriados_altar_wand_db, first_bread
D:5:      minitemple, basic_altar, serial_shops, shop, minmay_misc_feat_columns

Action                   |  1- 3 |  4- 6 |  7- 9 || total
-------------------------+-------+-------+-------++-------
Melee: Flail             |    87 |   159 |   117 ||   363
Throw: Javelin           |    42 |    40 |    19 ||   101
       Stone             |       |    42 |    34 ||    76
Invok: Convert to Beogh  |       |       |     1 ||     1
  Eat: Bread ration      |     1 |       |       ||     1
       Chunk             |       |     5 |     4 ||     9
